AoeStats
← YuriPsychoControl

Arena

506838920Analyzed
4v4 RM · 18d ago on Sep 15, 2026· 66m 49s· 8 players
Game mode
Random Map
Map size
Large (8 player)
Population
200
Speed
Normal
Resources
Standard
Victory
Conquest
Starting age
Dark Age
Ending age
Imperial Age
RankedLock teamsTeams togetherTeam positionsShared explorationLock speedFull tech treeHidden civsTurbo modeCheats
Victory
Defeat
🇨🇳 Portuguese · China
828
+16
🇹🇼 Khmer · Taiwan
826
+16
🇨🇦 Burgundians · Canada
785
+18
🇫🇷 Koreans · France
747
+19
945
-22
🇨🇳 Byzantines · China
862
-19
🇨🇳 Chinese · China
752
-14
🇨🇳 Teutons · China
734
-14
YuriPsychoControl
9:49 Feudal Age
10:44 Horse Collar
16:08 Castle Age
14:52 Double-Bit Axe
16:12 Stone Mining
16:12 Gold Mining
17:29 Wheelbarrow
24:21 Imperial Age
22:37 Stone Mining
24:38 Stone Shaft Mining
25:29 Bow Saw
30:19 Chemistry
29:16 Loom
29:39 Pikeman
31:09 Hand Cart
30:39 Town Watch
31:39 Padded Archer Armor
32:16 Halberdier
33:33 Leather Archer Armor
34:13 Fortified Wall
34:24 Ballistics
35:38 Ring Archer Armor
35:18 Forging
35:09 Scale Mail Armor
37:31 Siege Engineers
37:47 Ballistics
38:30 Bombard Tower
39:39 Fletching
40:05 Chain Mail Armor
40:25 Iron Casting
39:41 Treadmill Crane
39:58 Murder Holes
40:23 Ballistics
40:08 Arquebus
41:56 Bodkin Arrow
43:04 Blast Furnace
42:34 Plate Mail Armor
45:05 Bracer
46:06 Blast Furnace
45:36 Plate Mail Armor
46:54 Coinage
51:27 Circumnavigation
53:02 Banking
60:56 Conscription
62:39 Elite Organ Gun
62:45 Spies/Treason
R.I.P
11:21 Feudal Age
12:31 Loom
16:21 Castle Age
15:29 Double-Bit Axe
15:26 Horse Collar
18:33 Wheelbarrow
19:18 Wheelbarrow
19:58 Bow Saw
26:00 Hand Cart
25:38 Gold Mining
30:49 Imperial Age
28:05 Treadmill Crane
29:18 Fortified Wall
29:31 Ballistics
29:33 Forging
29:24 Scale Mail Armor
29:29 Scale Barding Armor
29:15 Fletching
29:26 Padded Archer Armor
29:29 Caravan
31:19 Two-Man Saw
30:22 Heavy Plow
31:02 Gold Shaft Mining
30:43 Murder Holes
30:47 Stone Mining
31:30 Crop Rotation
31:27 Guilds
31:58 Iron Casting
31:39 Chain Mail Armor
32:34 Chemistry
32:12 Conscription
32:59 Stone Shaft Mining
32:51 Burgundian Vineyards
33:14 Leather Archer Armor
34:08 Chain Barding Armor
33:47 Bodkin Arrow
34:56 Husbandry
36:07 Blast Furnace
35:39 Plate Mail Armor
35:26 Light Cavalry
35:27 Cavalier
36:16 Squires
36:03 Arson
36:57 Plate Barding Armor
36:54 Plate Mail Armor
36:34 Elite Coustillier
36:43 Hussar
36:52 Pikeman
37:59 Bracer
37:25 Halberdier
The Rock 49
0:52 Loom
12:55 Feudal Age
13:30 Town Watch
14:21 Wheelbarrow
20:53 Castle Age
21:42 Town Patrol
21:58 Hand Cart
26:49 Ballistics
30:11 Fletching
32:05 Horse Collar
32:17 Double-Bit Axe
32:52 Eupseong
33:23 Heated Shot
34:03 Bodkin Arrow
34:50 Arson
35:09 Squires
34:55 Gambesons
35:46 Fortified Wall
36:05 Forging
35:56 Scale Mail Armor
36:55 Bow Saw
36:49 Heavy Plow
40:47 Imperial Age
40:16 Iron Casting
39:56 Chain Mail Armor
40:06 Murder Holes
40:49 Heavy Rocket Cart
41:20 Elite Fire Lancer
43:01 Conscription
45:07 Shinkichon
50:02 Chemistry
49:09 Siege Engineers
63:19 Spies/Treason
SUSUKI
11:34 Feudal Age
12:11 Loom
15:08 Double-Bit Axe
15:05 Horse Collar
15:29 Fletching
16:32 Wheelbarrow
17:06 Forging
18:19 Scale Barding Armor
18:31 Bloodlines
18:25 Town Watch
26:13 Castle Age
24:24 Gold Mining
25:00 Stone Mining
28:01 Iron Casting
27:47 Chain Barding Armor
27:29 Scale Mail Armor
27:31 Padded Archer Armor
27:27 Bodkin Arrow
27:51 Hand Cart
27:29 Light Cavalry
30:14 Chain Mail Armor
32:28 Gold Shaft Mining
32:09 Bow Saw
36:54 Imperial Age
36:50 Leather Archer Armor
37:25 Hussar
37:39 Elite Ballista Elephant
39:33 Plate Barding Armor
39:29 Heavy Scorpion
41:10 Double Crossbow
41:14 Capped Ram
44:01 Hussar
47:35 Blast Furnace
47:20 Conscription
49:11 Siege Engineers
49:01 Murder Holes
49:27 Ballistics
50:09 Chemistry
49:34 Heavy Plow
51:01 Husbandry
52:30 Siege Ram
54:32 Tusk Swords
55:58 Crop Rotation
56:05 Stone Shaft Mining
55:31 Bracer
56:02 Ring Archer Armor
让我坐边可能会投降
1:46 Loom
10:56 Feudal Age
11:58 Double-Bit Axe
11:55 Horse Collar
20:14 Castle Age
20:33 Wheelbarrow
19:50 Gold Mining
19:52 Stone Mining
21:30 Bow Saw
22:31 Heavy Plow
25:10 Imperial Age
24:26 Husbandry
25:15 Scale Barding Armor
25:21 Forging
26:06 Hand Cart
26:54 Heavy Camel Rider
30:10 Two-Man Saw
29:49 Crop Rotation
31:32 Stone Shaft Mining
32:31 Chain Barding Armor
32:47 Iron Casting
33:33 Gold Shaft Mining
34:51 Plate Barding Armor
38:06 Chemistry
37:27 Ballistics
37:03 Treadmill Crane
37:19 Murder Holes
40:01 Conscription
41:45 Hoardings
41:23 Light Cavalry
44:55 Hussar
48:50 Cavalier
JOE
0:31 Loom
11:51 Feudal Age
20:45 Castle Age
19:09 Double-Bit Axe
19:05 Horse Collar
21:13 Wheelbarrow
20:34 Stone Mining
21:50 Bow Saw
21:42 Heavy Plow
22:56 Hand Cart
30:44 Gold Mining
34:58 Imperial Age
35:54 Masonry
35:48 Scale Mail Armor
35:59 Forging
36:17 Conscription
35:20 Elite Teutonic Knight
36:34 Ironclad
36:50 Caravan
37:21 Chain Mail Armor
39:08 Plate Mail Armor
39:13 Iron Casting
39:48 Crenellations
40:51 Siege Engineers
41:36 Crop Rotation
42:11 Two-Man Saw
40:44 Capped Ram
41:34 Onager
51:52 Heavy Scorpion
mike
8:49 Loom
12:15 Feudal Age
17:05 Castle Age
15:55 Double-Bit Axe
15:53 Horse Collar
18:26 Bow Saw
18:54 Wheelbarrow
18:18 Stone Mining
19:15 Heavy Plow
25:20 Hand Cart
26:18 Gold Mining
27:08 Stone Shaft Mining
26:47 Treadmill Crane
28:52 Gold Shaft Mining
28:54 Forging
29:42 Scale Barding Armor
31:39 Iron Casting
31:25 Chain Barding Armor
31:58 Fortified Wall
35:51 Imperial Age
34:14 Husbandry
36:04 Scale Mail Armor
35:59 Cavalier
37:01 Conscription
36:52 Logistica
36:03 Elite Cataphract
37:54 Two-Man Saw
37:30 Crop Rotation
37:43 Paladin
37:47 Heavy Camel Rider
40:40 Caravan
40:50 Guilds
42:59 Plate Barding Armor
2394984800
0:33 Loom
9:57 Feudal Age
14:30 Double-Bit Axe
26:34 Castle Age
30:56 Bow Saw
30:35 Horse Collar
31:05 Padded Archer Armor
32:58 Wheelbarrow
33:07 Heavy Plow
33:10 Gold Mining
33:12 Stone Mining
34:33 Fortified Wall
35:21 Masonry
37:58 Leather Archer Armor
37:33 Fletching
40:21 Hand Cart
40:09 Bodkin Arrow
42:39 Ballistics
45:22 Imperial Age
47:39 Pikeman
48:20 Squires
48:06 Arson
48:33 Town Watch
Connection lost

Rejoining the realm…

Still unreachable

The connection could not be restored.

Session expired

The server has moved on; the page needs a fresh start.